 Dungeon Crawl Stone Soup version 0.26.1 (webtiles) character file.

Game seed: 8244760693929315959

37 Descartes the Covert (level 3, 0/17 HPs)
             Began as a Felid Delver on Feb 5, 2021.
             Slain by a hound (2 damage)
             ... on level 4 of the Dungeon.
             The game lasted 00:02:23 (650 turns).

Descartes the Covert (Felid Delver)                  Turns: 650, Time: 00:02:23

Health: 0/17       AC:  1    Str:  9    XL:     3   Next: 21%
Magic:  4/4        EV: 18    Int: 11    God:
Gold:   17         SH:  0    Dex: 17    Spells: 2/2 levels left
                                        Lives:  0   Deaths: 0

rFire    . . .     SeeInvis +     - Unarmed
rCold    . . .     Faith    .   (shield unavailable)
rNeg     . . .     Spirit   .   (armour unavailable)
rPois    .         Reflect  .   (helmet unavailable)
rElec    .         Harm     .   (cloak unavailable)
rCorr    .         Rampage  .   (gloves unavailable)
Will     .....                  (boots unavailable)
Stlth    ++++......             (no amulet)
HPRegen  0.05/turn              (no ring)
MPRegen  0.09/turn              (no ring)

@: quick
A: very small, no armour, no weapons or thrown items, stealth, claws 1, fangs 3,
see invisible, speed 1, shaggy fur 1, sharp paws
a: no special abilities


You were on level 4 of the Dungeon.
You visited 1 branch of the dungeon, and saw 3 of its levels.

You collected 17 gold pieces.

Inventory:

Wands
 e - a wand of digging (2)
Scrolls
 a - a scroll of fog
 b - a scroll of magic mapping
 c - a scroll of fear
Potions
 d - 2 potions of haste


   Skills:
 - Level 3.0 Fighting
 - Level 2.6 Dodging
 + Level 8.1 Stealth
 - Level 2.0 Unarmed Combat


You had 2 spell levels left.
You didn't know any spells.
Your spell library was empty.

Dungeon Overview and Level Annotations

Branches:
Dungeon (6/15)
 Temple: D:4-7

Altars:
Ashenzari
Trog
Yredelemnul

Annotations:
D:5 Pikel


Innate Abilities, Weirdness & Mutations

You cannot wear armour.
You are incapable of wielding weapons or throwing items.
Your paws allow you to move quietly. (Stealth)
You have sharp claws.
You have razor-sharp teeth.
You have supernaturally acute eyesight. (SInv)
You cover ground quickly.
You are covered in fur. (AC +1)
Your sharp claws are effective at attacking unaware monsters.


Message History

Your experience leads to an increase in your attributes!
Increase (S)trength, (I)ntelligence, or (D)exterity?
You feel stronger.
Found a ring mail.
You start resting.
An orc comes into view. It is wielding a +0 dagger.
You start resting.
A hound comes into view.
A hound is nearby!
The hound barks!
You scratch the hound.
The hound is lightly wounded.
The hound misses you.
You barely miss the hound.
The hound is lightly wounded.
The hound completely misses you.
You closely miss the hound.
The hound is lightly wounded.
The hound completely misses you. The hound bites you.
You die...

#...........
###...........
#.......o.....
###.....##....
#....### #...
##....)## ...
##.>.....## ..
#...###h..# #
##..##..@.# o#
#..##....# [..
##.......## ....
###..#......# ...#
#..........##..##
##....>.........#
#.....#.#...[#.....
##...######..# ...
##### #### .


You could see a hound.

Vanquished Creatures
  An orc priest (D:4)
  A white imp (D:6)
2 creatures vanquished.

Notes
Turn   | Place    | Note
-------+----------+-------------------------------------------
     0 | D:5      | Descartes the Felid Delver began the quest for the Orb.
     0 | D:5      | Reached XP level 1. HP: 10/10 MP: 2/2
    81 | D:5      | Noticed Pikel
    81 | D:5      | Noticed a lemure
    81 | D:5      | Noticed a lemure
    81 | D:5      | Noticed a lemure
   353 | D:6      | Noticed an orc warrior
   353 | D:6      | Noticed an orc priest
   403 | D:6      | Reached skill level 7 in Stealth
   405 | D:5      | Found a basalt altar of Yredelemnul.
   405 | D:5      | Found a broken altar of Ashenzari.
   408 | D:5      | Found a bloodstained altar of Trog.
   446 | D:6      | Noticed a jelly
   613 | D:4      | Noticed an orc priest
   629 | D:4      | Killed an orc priest
   630 | D:4      | Reached skill level 8 in Stealth
   630 | D:4      | Reached XP level 2. HP: 1/14 MP: 3/3
   630 | D:4      | Reached XP level 3. HP: 1/17 MP: 4/4
   650 | D:4      | Slain by a hound

Illustrated notes

Levels and vault maps discovered:
D:4:      layout_cave_pools, kennysheep_cross_bottleneck, kennysheep_dice
D:5:      layout_basic, nzn_hepliaklqana_mist_gate,
          nicolae_overflow_hidden_temple, water_boxes_lemuel, uniq_menkaure,
          uniq_pikel, uniq_prince_ribbit1
D:6:      layout_basic, minmay_temple_entry_drinking_statues,
          chequers_serial_rivers_small_b, minmay_checkerbox

Skill      XL: |  1 |
---------------+----+-----
Stealth        | 8 |  8.1
Fighting       | |  3.0
Dodging        | |  2.6
Unarmed Combat | |  2.0

Action                   || total
-------------------------++-------
Melee: Unarmed           ||    11
Evoke: Wand              ||     1
  Use: Scroll            ||     1
Dodge: Dodged            ||     9
